 Dungeon Sprint DCSS version 0.28.0-53-g5a82cb258f (webtiles) character file.

Game seed: 3048929442099509412

1486 Zeld the Cleaver (level 8, -8/135 HPs)
             Began as a Minotaur Berserker on June 5, 2022.
             Was a High Priest of Trog.
             Mangled by a skeletal warrior
             ... wielding a +0 halberd
              (26 damage)
             ... in the Dungeon (Sprint IX: "|||||||||||||||||||||||||||||").
             The game lasted 00:00:49 (785 turns).

Zeld the Cleaver (Minotaur Berserker)                Turns: 785, Time: 00:00:50

Health: -8/135     AC:  4    Str: 27    XL:     8   Next: 50%
Magic:  7/7        EV: 15    Int:  4    God:    Trog [*****.]
Gold:   0          SH:  0    Dex: 10    Spells: 7/7 levels left

rFire   . . .      SeeInvis .   a - +1 broad axe (freeze)
rCold   . . .      Faith    .   (no shield)
rNeg    . . .      Spirit   .   b - +0 animal skin
rPois   .          Reflect  .   (helmet restricted)
rElec   .          Harm     .   (no cloak)
rCorr   .          Rampage  .   l - +0 pair of gloves
Will    .....      NoTele   +   k - +0 pair of boots
Stlth   ..........              (no amulet)
HPRegen 0.32/turn               m - +3 ring of strength
MPRegen 0.10/turn               (no ring)

@: berserking (expiring), very quick
A: horns 2, retaliatory headbutt
a: Renounce Religion, Berserk, Trog's Hand, Brothers in Arms


You were in the Dungeon.
You worshipped Trog.
Trog was extremely pleased with you.
You visited 1 branch

Inventory:

Hand Weapons
 a - a +1 broad axe of freezing (weapon)
Armour
 b - a +0 animal skin (worn)
 k - a +0 pair of boots (worn)
 l - a +0 pair of gloves (worn)
Jewellery
 m - a +3 ring of strength (left hand)
Wands
 j - a wand of acid (10)
Scrolls
 h - 2 scrolls of blinking
Potions
 c - 5 potions of curing
 d - 3 potions of heal wounds
 e - a potion of haste
 f - 4 potions of magic
 g - a potion of berserk rage
 i - a potion of invisibility


   Skills:
 * Level 14.6 Fighting
 * Level 14.6 Axes
 - Level 2.4 Armour
 + Level 9.7 Dodging


You had 7 spell levels left.
You didn't know any spells.
Your spell library was empty.

Dungeon Overview and Level Annotations

Branches:
Dungeon (1/1)

Altars:
Cheibriados
Dithmenos
Elyvilon
Fedhas
Gozag
Hepliaklqana
Kikubaaqudgha
Makhleb
Nemelex Xobeh
Okawaru
Qazlal
Ru
Sif Muna
Trog
Uskayaw
Vehumet
Wu Jian
Xom
Yredelemnul
Zin
The Shining One
Beogh
Jiyva
Lugonu


Innate Abilities, Weirdness & Mutations

You have a pair of horns on your head.
You reflexively headbutt those who attack you in melee.


Message History

The volley of spikes misses you.
Unknown command.
The manticore bites you!! The manticore closely misses you.
The manticore claws you!
There is an open door, spattered with blood here.
Unknown command.
A red film seems to cover your vision as you go berserk!
You feel yourself moving faster!
You feel mighty! The manticore closely misses you. You furiously retaliate!
You headbutt the manticore! The manticore claws you. The manticore claws you!
You closely miss the manticore.
The manticore is moderately wounded.
The manticore barely misses you. The manticore claws you!
The manticore claws you.
Unknown command.
You slash the manticore! You freeze the manticore.
The manticore is heavily wounded.
The manticore misses you. The manticore claws you.
The manticore barely misses you.
You slice the manticore!! You freeze the manticore!
You kill the manticore!
Trog accepts your kill.
Your Fighting skill increases to level 14!
Your Axes skill increases to level 14!
Your Dodging skill increases to level 9!
Unknown command.
You are too injured to fight recklessly!
The skeletal warrior hits you from afar with a +0 halberd!!
The acid dragon closely misses you. The acid dragon completely misses you.
You see here a manticore corpse.
You barely miss the acid dragon. Your headbutt misses the acid dragon.
Unknown command.
You slice the acid dragon!! You freeze the acid dragon.
You kill the acid dragon!
Trog accepts your kill.
The skeletal warrior hits you from afar with a +0 halberd!!
* * * LOW HITPOINT WARNING * * *
You are too injured to fight recklessly!
The skeletal warrior hits you with a +0 halberd!!
You die...

▓.▓
▓)▓
▓.▓
▓.▓
▓.▓
▓.▓
▓'▓
▓†▓
▓@▓
▓z▓
▓W▓
▓l▓
▓c▓
▓+▓


You could see a skeletal warrior, a basilisk, a wraith and a centaur.

Vanquished Creatures
  A manticore (D)
  2 trolls (D)
  A wraith (D)
  A yak (D)
  An acid dragon (D)
  An ice beast (D)
  An ogre (D)
  A wight (D)
  A jelly (D)
  An iguana (D)
  An orc wizard (D)
  An orc (D)
  A goblin (D)
  2 kobolds (D)
  A quokka (D)
  A rat (D)
18 creatures vanquished.

Notes
Turn   | Place    | Note
-------+----------+-------------------------------------------
     0 | D        | Zeld the Minotaur Berserker began the quest for the Orb.
     0 | D        | Reached XP level 1. HP: 19/19 MP: 0/0
    10 | D        | Reached ** piety under Trog
   330 | D        | Noticed an ogre
   330 | D        | Noticed an iguana
   330 | D        | Noticed a jelly
   330 | D        | Noticed an ice beast
   334 | D        | Reached XP level 2. HP: 28/28 MP: 1/1
   335 | D        | Killed an ogre
   335 | D        | Reached *** piety under Trog
   336 | D        | Reached XP level 3. HP: 39/39 MP: 2/2
   336 | D        | Reached XP level 4. HP: 47/47 MP: 3/3
   342 | D        | Reached skill level 5 in Dodging
   343 | D        | Reached XP level 5. HP: 56/56 MP: 4/4
   348 | D        | Killed an ice beast
   389 | D        | Found a snail-covered altar of Cheibriados.
   389 | D        | Found a shadowy altar of Dithmenos.
   389 | D        | Found a white marble altar of Elyvilon.
   389 | D        | Found a blossoming altar of Fedhas.
   389 | D        | Found an opulent altar of Gozag.
   425 | D        | Found a hazy altar of Hepliaklqana.
   485 | D        | Found a viscous altar of Jiyva.
   486 | D        | Found an ancient bone altar of Kikubaaqudgha.
   487 | D        | Found a corrupted altar of Lugonu.
   488 | D        | Found a burning altar of Makhleb.
   489 | D        | Found a sparkling altar of Nemelex Xobeh.
   490 | D        | Found an iron altar of Okawaru.
   491 | D        | Found a stormy altar of Qazlal.
   492 | D        | Found a sacrificial altar of Ru.
   493 | D        | Found a shimmering blue altar of Sif Muna.
   494 | D        | Found a bloodstained altar of Trog.
   495 | D        | Found a hide-covered altar of Uskayaw.
   496 | D        | Found a radiant altar of Vehumet.
   497 | D        | Found an ornate altar of the Wu Jian Council.
   498 | D        | Found a shimmering altar of Xom.
   499 | D        | Found a basalt altar of Yredelemnul.
   500 | D        | Found a glowing silver altar of Zin.
   501 | D        | Found a glowing golden altar of the Shining One.
   546 | D        | Noticed a troll
   546 | D        | Noticed a troll
   546 | D        | Noticed a wraith
   546 | D        | Noticed a yak
   550 | D        | Killed a troll
   550 | D        | Reached **** piety under Trog
   551 | D        | Reached XP level 6. HP: 68/68 MP: 5/5
   555 | D        | Killed a troll
   556 | D        | Reached XP level 7. HP: 77/78 MP: 6/6
   561 | D        | Killed a wraith
   564 | D        | Reached ***** piety under Trog
   567 | D        | Killed a yak
   568 | D        | Reached XP level 8. HP: 73/86 MP: 7/7
   776 | D        | Noticed a manticore
   776 | D        | Noticed a skeletal warrior
   781 | D        | Killed a manticore
   785 | D        | Mangled by a skeletal warrior

Illustrated notes

Levels and vault maps discovered:
D:        linesprint [early_d, line_temple, items_1, d_10, items_2, lair_1,
          lair_end, items_3, orc_1, orc_end, items_4, d_15, swamp_1, shoals_1,
          snake_1, spider_1, d_20, vaults_1, items_5, swamp_end, shoals_end,
          snake_end, spider_end, vaults_end, d_27, items_6, zot_1, zot_end,
          crypt_end, forest_end, elf_end, slime_end, tomb_end, abyss_end,
          pan_hell_end]

Skill      XL: |  1  2  3  4  5  6  7  8 |
---------------+-------------------------+-----
Fighting       | 4 7 8 11 12 13 14 | 14.6
Axes           | 4 7 8 11 12 13 14 | 14.6
Dodging        | 4 5 7 8 9 |  9.7
Armour         | |  2.4

Action                   |  1- 3 |  4- 6 |  7- 9 || total
-------------------------+-------+-------+-------++-------
Melee: Hand axe          |    12 |    10 |       ||    22
       Headbutt          |     4 |     5 |     2 ||    11
       Broad axe         |       |     8 |    15 ||    23
Invok: Berserk           |     1 |     1 |     1 ||     3
Armor: Animal skin       |     1 |     1 |       ||     2
Dodge: Dodged            |     8 |    15 |    11 ||    34
